 Dungeon Crawl Stone Soup version 0.24.0-123-gd5b16e6ec5 (webtiles) character file.

Game seed: 13180390527095065078, levelgen mode: deterministic

379 FishyPogo the Stinger (level 6, -2/52 HPs)
             Began as a Naga Transmuter on Dec 27, 2019.
             Was a Follower of Sif Muna.
             Slain by a worker ant (3 damage)
             ... on level 4 of the Dungeon.
             The game lasted 00:13:03 (3234 turns).

FishyPogo the Stinger (Naga Transmuter)             Turns: 3234, Time: 00:13:03

Health: -2/52      AC:  7    Str: 12    XL:     6   Next: 74%
Magic:  11/12      EV: 10    Int: 14    God:    Sif Muna [*.....]
Gold:   175        SH:  0    Dex: 13    Spells: 5/13 levels left

rFire    . . .     SeeInvis +   a - +4 mace (crush)
rCold    . . .     Gourm    .   (no shield)
rNeg     . . .     Faith    .   b - +0 robe
rPois    +         Spirit   .   (no helmet)
rElec    .         Reflect  .   u - +0 cloak
rCorr    .         Harm     .   c - +2 pair of gloves
MR       .....                  (no barding)
Stlth    +.........             (no amulet)
HPRegen  0.17/turn              (no ring)
MPRegen  0.13/turn              (no ring)

@: short of breath, flying, hasted, quick
A: large, see invisible, deformed body, poison resistance, slowness 2, slow
metabolism 1, spit poison 1, AC +2
a: Spit Poison, Channel Magic, Renounce Religion


You were on level 4 of the Dungeon.
You worshipped Sif Muna.
Sif Muna was aware of your devotion.
You were not hungry.

You visited 1 branch of the dungeon, and saw 4 of its levels.

You collected 175 gold pieces.

Inventory:

Hand Weapons
 a - a +4 mace of crushing (weapon)
 t - a +4 quarterstaff of chaos
Missiles
 h - 14 poisoned darts (quivered)
 m - 80 stones
 q - 28 arrows
 r - 3 boomerangs
Armour
 b - a +0 robe (worn)
 c - a +2 pair of gloves (worn)
 u - a +0 cloak (worn)
Potions
 i - a potion of haste
 s - 2 potions of brilliance
Comestibles
 d - 8 rations
 j - 5 chunks of flesh


   Skills:
 - Level 2.0 Fighting
 - Level 2.0 Dodging
 - Level 3.0 Unarmed Combat
 * Level 4.3 Spellcasting
 - Level 2.0 Transmutations
 * Level 0.8 Ice Magic
 * Level 4.7 Poison Magic
 + Level 1.8 Invocations


You had 5 spell levels left.
You knew the following spells:

 Your Spells              Type           Power        Failure   Level  Hunger
a - Ice Form              Ice/Tmut       #.......     71%         4    ####...
u - Spider Form           Tmut/Pois      ##........   14%         3    ###....
y - Beastly Appendage     Tmut           #.....       9%          1    None

Your spell library contained the following spells:

 Spells                   Type           Power        Failure   Level  Hunger
 Sticks to Snakes         Tmut           #.......     12%         2    ##.....
 Blade Hands              Tmut           #.........   92%         5    ######.


Dungeon Overview and Level Annotations

Branches:
Dungeon (4/15)
 Temple: D:4-7

Altars:
Fedhas
Gozag
Sif Muna

Annotations:
D:4 Pikel


Innate Abilities, Weirdness & Mutations

You cannot wear boots.
Your serpentine skin is tough. (AC +2)
You have supernaturally acute eyesight. (SInv)
Armour fits poorly on your strangely shaped body.
Your system is resistant to poisons. (rPois)
You cover ground very slowly.
You have a slow metabolism.
You can spit poison.


Message History

The worker ant bites you but does no damage.
An orc comes into view. It is wielding a +0 flail.
It was a potion of haste.
You feel yourself speed up.
The worker ant bites you but does no damage.
It was a potion of flight.
You feel very buoyant.
You fly up into the air.
The worker ant bites you.
* * * LOW HITPOINT WARNING * * *
Press: ? - help, Shift-Dir - straight line, f - worker ant
Aim: a worker ant The splash of poison hits the worker ant!
The worker ant is poisoned.
The worker ant is severely wounded.
You feel slightly more hungry.
You are too injured to fight recklessly!
You completely miss the worker ant.
The worker ant is severely wounded.
The worker ant bites you but does no damage.
The worker ant bites you.
You die...

.. ##.#
#.# #.#
#.# #<#
#.# . #.#
... #.#
####.^...
#.#
#@a..o...
#.#
#..##.....
#.# #.##
... ... ..
. ###


You could see a worker ant and an orc.

Vanquished Creatures
  A phantom (D:3)
  A howler monkey (D:4)
  Crazy Yiuf (D:3)
  A worker ant (D:4)
  Natasha (thrice) (D:3)
  Terence (D:3)
  3 adders (D:2)
  An ooze (D:1)
  2 worms (D:3)
  3 dart slugs
  2 leopard geckos
  7 bats
  4 giant cockroaches
  10 goblins
  9 hobgoblins
  A quokka (D:3)
  4 frilled lizards
  4 kobolds
  5 rats
63 creatures vanquished.

Notes
Turn   | Place    | Note
-------+----------+-------------------------------------------
     0 | D:1      | FishyPogo the Naga Transmuter began the quest for the Orb.
     0 | D:1      | Reached XP level 1. HP: 18/18 MP: 3/3
    11 | D:2      | Found a shimmering blue altar of Sif Muna.
    18 | D:2      | Became a worshipper of Sif Muna the Loreminder
   149 | D:1      | Reached XP level 2. HP: 20/25 MP: 5/5
   220 | D:1      | HP: 1/25 [poisoned by a goblin]
   705 | D:1      | Reached XP level 3. HP: 28/31 MP: 6/6
   710 | D:1      | Learned a level 3 spell: Spider Form
  1291 | D:2      | Found an opulent altar of Gozag.
  1318 | D:2      | Reached * piety under Sif Muna
  1421 | D:2      | Reached skill level 1 in Poison Magic
  1749 | D:2      | Reached XP level 4. HP: 23/39 MP: 6/8
  2211 | D:3      | Noticed Terence
  2219 | D:3      | Killed Terence
  2361 | D:3      | Found a blossoming altar of Fedhas.
  2361 | D:3      | Noticed Natasha
  2377 | D:3      | Killed Natasha
  2377 | D:3      | Reached XP level 5. HP: 45/45 MP: 10/10
  2611 | D:3      | Found a runed translucent door.
  2612 | D:3      | Noticed Crazy Yiuf
  2672 | D:3      | Noticed a phantom
  2685 | D:3      | Killed a phantom
  2685 | D:3      | Reached skill level 1 in Invocations
  2685 | D:3      | Reached XP level 6. HP: 42/52 MP: 10/12
  2796 | D:3      | Noticed Natasha
  2801 | D:3      | Killed Natasha
  2944 | D:3      | Noticed Natasha
  2952 | D:3      | Killed Natasha
  3104 | D:3      | Killed Crazy Yiuf
  3147 | D:3      | Learned a level 4 spell: Ice Form
  3212 | D:4      | Noticed a slave
  3215 | D:4      | Noticed Pikel
  3215 | D:4      | Noticed a slave
  3225 | D:4      | Noticed a slave
  3226 | D:4      | Noticed a slave
  3229 | D:4      | HP: 2/52 [bullfrog (1)]
  3234 | D:4      | Slain by a worker ant

Levels and vault maps discovered:
D:1:      dpeg_arrival_stonehenge_8_columns, layout_loops_cross, st_stairs_1
D:2:      layout_basic, lemuel_round_altar, nicolae_gozag_seed_capital
D:3:      layout_basic, minmay_misc_feat_room, fedhas_ov_isle_minmay,
          uniq_crazy_yiuf_cottage, uniq_natasha, uniq_terence
D:4:      layout_rooms, old_standard_altar, gup_sewer_entry_bowl, st_stairs_8,
          chequers_serial_rivers_marsh, uniq_pikel, uniq_menkaure, uniq_robin,
          uniq_sigmund

Skill      XL: |  1  2  3  4  5 |
---------------+----------------+-----
Dodging        | 2 |  2.0
Poison Magic   | 1 3 4 |  4.7
Fighting       | 2 |  2.0
Spellcasting   | 3 4 |  4.3
Invocations    | 1 |  1.8
Unarmed Combat | |  3.0
Transmutations | |  2.0
Ice Magic      | |  0.8

Action                   |  1- 3 |  4- 6 || total
-------------------------+-------+-------++-------
Melee: Unarmed           |     3 |    20 ||    23
       Headbutt          |     5 |     3 ||     8
       Club              |   108 |     7 ||   115
       Mace              |       |    53 ||    53
Throw: Dart              |       |     8 ||     8
 Cast: Beastly Appendage |     5 |     2 ||     7
       Spider Form       |       |     3 ||     3
 Abil: Spit Poison       |    29 |    20 ||    49
  Use: Scroll            |       |     8 ||     8
       Potion            |       |     2 ||     2
  Eat: Chunk             |     3 |     6 ||     9
Armor: Robe              |    57 |    14 ||    71
       Skin              |       |     2 ||     2
Dodge: Dodged            |    86 |    53 ||   139
